 Dungeon Crawl Stone Soup version 0.26-a0-597-gb535b0901c (webtiles) character file.

Game seed: 9412048295423298236

74 Apogee the Stinger (level 3, 6/29 HPs)
             Began as a Demigod Venom Mage on Sept 11, 2020.
             Quit the game on level 2 of the Dungeon.
             The game lasted 00:02:32 (1665 turns).

Apogee the Stinger (Demigod Venom Mage)             Turns: 1665, Time: 00:02:32

Health: 6/29       AC:  2    Str: 13    XL:     3   Next: 85%
Magic:  5/8        EV: 12    Int: 19    God:
Gold:   92         SH:  4    Dex: 16    Spells: 4/5 levels left

rFire    . . .     SeeInvis .   d - +0 whip
rCold    . . .     Faith    .   b - +0 buckler
rNeg     . . .     Spirit   .   a - +0 robe
rPois    .         Reflect  .   (no helmet)
rElec    .         Harm     .   (no cloak)
rCorr    .                      (no gloves)
MR       .....                  (no boots)
Stlth    ++........             (no amulet)
HPRegen  0.09/turn              (no ring)
MPRegen  0.11/turn              (no ring)

@: quite poisoned (6 -> 3)
A: high mp 1
a: no special abilities


You were on level 2 of the Dungeon.
You visited 1 branch of the dungeon, and saw 2 of its levels.

You collected 92 gold pieces.

Inventory:

Hand Weapons
 d - a +0 whip (weapon)
   (You found it on level 1 of the Dungeon)
Missiles
 e - 68 stones (quivered)
 i - 5 curare-tipped darts {!f}
Armour
 a - a +0 robe (worn)
 b - a +0 buckler (worn)
   (You found it on level 1 of the Dungeon)
Scrolls
 c - a scroll of fog {unknown}
 f - a scroll of identify {unknown}
 j - a scroll of teleportation {unknown}
 n - 2 scrolls of magic mapping {unknown}
 o - a scroll of noise {unknown}
Potions
 g - a potion of stabbing {unknown}
 h - 3 potions of flight {unknown}
 k - a potion of curing {unknown}
 l - a potion of heal wounds {unknown}
 m - a potion of might {unknown}


   Skills:
 + Level 1.7 Fighting
 + Level 1.7 Armour
 - Level 1.8 Dodging
 - Level 1.8 Stealth
 + Level 1.7 Shields
 - Level 1.7 Spellcasting
 - Level 0.9 Transmutations
 - Level 2.7 Poison Magic


You had 4 spell levels left.
You knew the following spells:

 Your Spells              Type           Power        Failure   Level
a - Sting                 Tmut/Pois      #...         11%         1

Your spell library contained the following spells:

 Spells                   Type           Power        Failure   Level
 Poisonous Vapours        Pois/Air       #.....       21%         2
 Ignite Poison            Fire/Tmut/Pois #.......     38%         3
 Mephitic Cloud           Conj/Pois/Air  #.......     43%         3
 Olgreb's Toxic Radiance  Pois           ##......     58%         4


Dungeon Overview and Level Annotations

Branches:
Dungeon (2/15)


Innate Abilities, Weirdness & Mutations

You have an increased reservoir of magic. (+10% MP)


Message History

You hit the adder. The adder bites you.
You are poisoned.
The adder poisons you!
You barely miss the adder.
You feel sick. The adder closely misses you. The adder barely misses you.
You miss the adder. The adder closely misses you.
You closely miss the adder.
You feel sick. You block the adder's attack. The adder barely misses you.
You barely miss the adder. The adder completely misses you.
You closely miss the adder.
You feel sick. The adder bites you.
You closely miss the adder. The adder bites you. The adder closely misses you.
You barely miss the adder. The adder misses you.
You hit the adder.
You feel sick. The adder barely misses you. The adder bites you.
* * * LOW HITPOINT WARNING * * *
You are too injured to fight recklessly!
You are too injured to fight recklessly!
You are too injured to fight recklessly!
Unknown command.
You are too injured to fight recklessly!
You are too injured to fight recklessly!
Unknown command.
Aim: an adder (moderately wounded)
The sting misses the adder.
You block the adder's attack.
Aim: an adder (moderately wounded)
The sting hits the adder but does no damage.
The adder is poisoned.
You block the adder's attack.
Aim: an adder (moderately wounded, poisoned)
The sting hits the adder but does no damage.
The adder looks even sicker.
The adder barely misses you. x2
Aim: an adder (moderately wounded, very poisoned)
The sting misses the adder.
You feel sick. The adder bites you.
* * * LOW HITPOINT WARNING * * *
You are too injured to fight recklessly!
You are too injured to fight recklessly!
You are too injured to fight recklessly!
You are too injured to fight recklessly!
You are too injured to fight recklessly!
The adder bites you.
* * * LOW HITPOINT WARNING * * *
You are more poisoned.
The adder poisons you!
You feel sick.
You kill the adder!
You feel sick.
You feel sick.
There is a snail-covered altar of Cheibriados here.
A being of your status worships no god.
Quiver which item? (- for none, * to show all) (? for menu, Esc to quit)
Okay, then.

#..# #.......##.. ##.#
#.###....... #.#
##.#..<#..... #.#
###.......†#.## #.#
#####.....†####..## #.#
##...##..#..# #.## #.#
##.....## ##.####.# #.#
####.......# #..)....#
#.######..#...@...# #..###..#
#.##......#.......# #..###..#
#..#......##.....####..##...#
##.#.......##...## #...##)#.#
#.#........##.##
#..#....#.### #.#...........#
#..##.<###....
#.#..........## #.# #..#
###.. #.#......>...# #. #.##
#.. ####)#......##### . #.#
#..


There were no monsters in sight!

Vanquished Creatures
  A worker ant (D:2)
  An adder (D:2)
  A leopard gecko (D:2)
  5 giant cockroaches
  6 goblins
  3 hobgoblins
  4 jackals (D:1)
  4 kobolds
  A quokka (D:2)
  A ball python (D:1)
  4 bats (D:2)
  3 frilled lizards
  A rat (D:1)
35 creatures vanquished.

Notes
Turn   | Place    | Note
-------+----------+-------------------------------------------
     0 | D:1      | Apogee the Demigod Venom Mage began the quest for the Orb.
     0 | D:1      | Reached XP level 1. HP: 14/14 MP: 5/5
   445 | D:1      | Reached XP level 2. HP: 22/22 MP: 5/7
   743 | D:1      | Reached skill level 1 in Fighting
   896 | D:2      | Reached skill level 1 in Shields
   967 | D:2      | Reached skill level 1 in Armour
  1127 | D:2      | Found a sparkling altar of Nemelex Xobeh.
  1263 | D:2      | Reached XP level 3. HP: 28/28 MP: 8/8
  1637 | D:2      | Found a snail-covered altar of Cheibriados.
  1665 | D:2      | Quit the game

Illustrated notes

Levels and vault maps discovered:
D:1:      minmay_arrival_plants_in_alcoves, layout_basic, minivault_24,
          minmay_worlds_worst_comb
D:2:      layout_rooms, lemuel_round_altar, wad_floor_pattern_untrapped,
          nemelex_spade_bored_becter, uniq_crazy_yiuf_cottage

Skill      XL: |  1  2 |
---------------+-------+-----
Fighting       | 1 |  1.7
Shields        | 1 |  1.7
Armour         | 1 |  1.7
Dodging        | |  1.8
Stealth        | |  1.8
Spellcasting   | |  1.7
Transmutations | |  0.9
Poison Magic   | |  2.7

Action                   || total
-------------------------++-------
Melee: Whip              ||    86
 Cast: Sting             ||    34
 Stab: Sleeping          ||     4
Armor: Robe              ||    19
Dodge: Dodged            ||    73
Block: Buckler           ||    23

Table legend: (Time is in decaauts)
 A = Elapsed time spent in this place.
 B = Non-inter-level travel time spent in this place.
 C = Inter-level travel time spent in this place.
 D = Time resting spent in this place.
 E = Time spent auto-exploring this place.
 F = Levels seen in this place.
 G = Mean time per level.
                   A        B        C        D        E       F      G
               +--------+--------+--------+--------+--------+-----+--------+
         Total |   1674 |   1664 |     10 |    282 |   1083 |   2 |  837.0 |
       Dungeon |   1674 |   1664 |     10 |    282 |   1083 |   2 |  837.0 |
               +--------+--------+--------+--------+--------+-----+--------+

Top non-repeatable levels by time:
     D:1: 896 daAuts
     D:2: 778 daAuts
